 Dungeon Crawl Stone Soup version 0.23.1-37-gaa34b87b72 (webtiles) character file.

Game seed: 2873423112629381955

185 Marnok the Twirler (level 5, 0/39 HPs)
             Began as a Demonspawn Gladiator on Mar 24, 2019.
             Succumbed to a worker ant's poison
             ... on level 4 of the Dungeon.
             The game lasted 00:13:05 (2540 turns).

Marnok the Twirler (Demonspawn Gladiator)           Turns: 2540, Time: 00:13:05

Health: 0/39       AC:  5    Str: 13 (14) XL:     5   Next: 37%
Magic:  0/5        EV: 13    Int:  6 (9)  God:
Gold:   146        SH:  0    Dex: 14 (16) Spells: 4/4 levels left

rFire    + . .     SeeInvis .   a - +0 quarterstaff
rCold    + . .     Gourm    .   (shield currently unavailable)
rNeg     . . .     Faith    .   b - +0 leather armour
rPois    .         Spirit   +   c - +1 helmet
rElec    .         Reflect  .   (no cloak)
rCorr    .         Harm     .   (no gloves)
MR       .....                  (no boots)
Stlth    +.........             m - amulet of guardian spirit
HPRegen  0.13/turn              j - ring of protection from cold
MPRegen  0.09/turn              h - ring of protection from fire

@: lethally poisoned (0 -> -14)
A: demonic guardian 1, rot immunity
a: no special abilities


You were on level 4 of the Dungeon.
You were near starving.

You visited 1 branch of the dungeon, and saw 4 of its levels.

You collected 146 gold pieces.

Inventory:

Hand Weapons
 a - a +0 quarterstaff (weapon)
Missiles
 d - 3 throwing nets (quivered)
Armour
 b - a +0 leather armour (worn)
 c - a +1 helmet (worn)
Jewellery
 h - a ring of protection from fire (right hand)
 j - a ring of protection from cold (left hand)
 m - an amulet of guardian spirit (around neck)
Scrolls
 e - 2 scrolls of enchant armour
 g - 3 scrolls of identify
 i - a scroll of magic mapping
 k - a scroll of random uselessness
 l - 3 scrolls of teleportation
Comestibles
 f - 4 rations


   Skills:
 + Level 2.5 Fighting
 + Level 4.4 Staves
 + Level 1.8 Throwing
 + Level 1.4 Armour
 + Level 3.4 Dodging
 + Level 0.7 Stealth


You had 4 spell levels left.
You didn't know any spells.
Your spell library was empty.

Dungeon Overview and Level Annotations

Branches:
Dungeon (4/15)
 Temple: D:4-7

Altars:
Uskayaw

Shops:
D:4 [

Annotations:
D:4 3 runed translucent doors


Innate Abilities, Weirdness & Mutations

A weak demonic guardian rushes to your aid.
You are immune to rotting.


Message History

The adder misses you.
* * * LOW HITPOINT WARNING * * *
You feel sick.
Your iron imp disappears in a puff of smoke!
* * * LOW HITPOINT WARNING * * *
You feel sick. The worker ant misses you. The adder closely misses you.
Sorry, you're not good enough to have a special ability.
You hit the adder.
The adder is almost dead.
* * * LOW HITPOINT WARNING * * *
You feel sick. The adder barely misses you. The worker ant bites you.
* * * LOW HITPOINT WARNING * * *
You are more poisoned.
The worker ant poisons you!
You aren't carrying any potions.
Unknown command.
You thump the worker ant!
You kill the worker ant!
You die...

#.### #...........#
#.# #...........#
#.##### #>..........#
#.#...#
#...........#.
#.....#
#......†......
#.....#
#........$..##
###...# #...........#
#...#####...........#
#......@S..##########
#.......†...#
#...#####...# #..##
##..# #.## KK#..# #.#
##K+..# #.# .K+..#
#.# #.+.## #.#


You could see an adder.

Vanquished Creatures
  A worker ant (D:4)
  Robin (D:2)
  6 adders
  2 oozes
  A worm (D:4)
  2 dart slugs
  A leopard gecko (D:3)
  An orc (D:3)
  3 ball pythons
  7 giant cockroaches
  19 goblins
  9 hobgoblins
  3 jackals (D:2)
  A quokka (D:4)
  10 bats
  5 frilled lizards
  8 kobolds
  6 rats
86 creatures vanquished.

Vanquished Creatures (others)
  A fungus (D:4)
  A plant (D:4)
  5 toadstools (D:1)
7 creatures vanquished.

Grand Total: 93 creatures vanquished

Notes
Turn   | Place    | Note
-------+----------+-------------------------------------------
     0 | D:1      | Marnok the Demonspawn Gladiator began the quest for the
                  | Orb.
     0 | D:1      | Reached XP level 1. HP: 16/16 MP: 1/1
    32 | D:1      | Reached skill level 3 in Staves
    41 | D:1      | Gained mutation: A weak demonic guardian rushes to your
                  | aid. [demonic ancestry]
    41 | D:1      | Reached XP level 2. HP: 19/22 MP: 2/2
   436 | D:2      | Gained mutation: You are immune to rotting. [demonic
                  | ancestry]
   436 | D:2      | Reached XP level 3. HP: 27/27 MP: 3/3
   762 | D:2      | Reached XP level 4. HP: 15/33 MP: 4/4
   998 | D:4      | Found Nausm's Antique Armour Shop.
  1048 | D:3      | Reached skill level 4 in Staves
  1109 | D:3      | Reached skill level 1 in Armour
  1539 | D:3      | Noticed a +0 dagger
  1539 | D:3      | Noticed a +0 hand axe
  1541 | D:3      | Found a hide-covered altar of Uskayaw.
  1917 | D:2      | Reached XP level 5. HP: 39/39 MP: 5/5
  1998 | D:2      | Noticed Robin
  2020 | D:2      | Killed Robin
  2514 | D:4      | Found a runed translucent gate.
  2514 | D:4      | Found a runed translucent gate.
  2514 | D:4      | Found a runed translucent gate.
  2539 | D:4      | HP: 1/39 [worker ant (2)]
  2540 | D:4      | Succumbed to a worker ant's poison

Skill      XL: |  1  2  3  4 |
---------------+-------------+-----
Staves         | 3 4 |  4.4
Dodging        | 3 |  3.4
Armour         | 1 |  1.4
Fighting       | |  2.5
Throwing       | |  1.8
Stealth        | |  0.7

Action                   |  1- 3 |  4- 6 || total
-------------------------+-------+-------++-------
Melee: Quarterstaff      |    96 |   171 ||   267
  Use: Potion            |       |     4 ||     4
       Scroll            |       |     4 ||     4
 Stab: Sleeping          |     1 |     2 ||     3
       Distracted        |     1 |       ||     1
  Eat: Chunk             |       |     4 ||     4
Armor: Leather armour    |    44 |    56 ||   100
Dodge: Dodged            |   101 |   186 ||   287
